cohdb
Replays
Latest Replays
All Replays
Popular Replays
Top Player Replays
Match Explorer
How It Works
Community
CoH3 Stats
Reddit
Sign in to upload your games and track your stats! →
Sign in with Steam
Match 43043231
Unlisted
Match 43043231
Overview
Messages
Build Orders
End
Kradschützen Motorcycle Team
Selects Italian Combined Arms Battlegroup
Selects Bersaglieri Squad
Bersaglieri Squad
Bersaglieri Squad
Construct Light Support Kompanie
2.5-tonne Medical Truck
Bersaglieri Squad
Selects Bersaglieri Bolster
Panzerjäger Squad
Selects Breda Model 30 Light Machine Guns
Construct Mechanized Kompanie
Bersaglieri Squad
Veteran Squad Leaders
Bersaglieri Squad
Marder III Tank Destroyer
R.R.
NoLifeIsPower
BUBBA_ACTUAL
JollyRedRockett
0
0
Comments
sign in to comment!
No comments posted yet!